 Dungeon Crawl Stone Soup version 0.26-a0-1132-ge9770dfcb6 (webtiles) character file.

Game seed: 7523191974933640785

5353 Dracia the Grappler (level 10, -4/100 HPs)
             Began as a Troll Monk on Dec 19, 2020.
             Killed from afar by Erica (27 damage)
             ... with a bolt of poison
             ... on level 9 of the Dungeon.
             The game lasted 00:11:00 (7932 turns).

Dracia the Grappler (Troll Monk)                    Turns: 7932, Time: 00:11:00

Health: -4/100     AC:  9    Str: 23    XL:     10   Next: 38%
Magic:  9/9        EV: 14    Int:  6    God:
Gold:   225        SH:  0    Dex: 15    Spells: 9/9 levels left

rFire    . . .     SeeInvis +     - Unarmed
rCold    . . .     Faith    .   (no shield)
rNeg     . . .     Spirit   .   w - +1 robe
rPois    .         Reflect  .   A - +2 hat of Teivod {Str+2}
rElec    .         Harm     .   (no cloak)
rCorr    .         Rampage  .   (gloves unavailable)
Will     .....                  (boots unavailable)
Stlth    ++........             (no amulet)
HPRegen  0.66/turn              v - ring of see invisible
MPRegen  0.11/turn              (no ring)

@: lethally poisoned (-4 -> -6)
A: large, unfitting armour, claws 3, regeneration 1, shaggy fur 1, tough skin 3
a: no special abilities


You were on level 9 of the Dungeon.
You visited 1 branch of the dungeon, and saw 9 of its levels.
You also visited: Sewer.

You collected 495 gold pieces.
You spent 270 gold pieces at shops.


Innate Abilities, Weirdness & Mutations

You are too large for most types of armour.
You have claws for hands.
Your natural rate of healing is unusually fast.
You are covered in fur. (AC +1)
You have extremely tough skin. (AC +3)


   Skills:
 + Level 6.7 Fighting
 + Level 6.6 Dodging
 - Level 1.0 Stealth
 * Level 10.9 Unarmed Combat
 + Level 3.2 Evocations


You had 9 spell levels left.
You didn't know any spells.
Your spell library contained the following spells:

 Spells                   Type           Power        Failure   Level
 Confusing Touch          Hex            0%           83%         3
 Gell's Gravitas          Tloc           0%           83%         3
 Petrify                  Tmut/Erth      0%           99%         4
 Metabolic Englaciation   Hex/Ice        0%           100%        5
 Yara's Violent Unravell  Hex/Tmut       0%           100%        5

Inventory:

Hand Weapons
 u - a +1 scythe of protection
Missiles
 g - 94 poisoned darts (quivered)
 p - a throwing net {=f=f}
Armour
 a - a +0 robe
 m - a +2 hat
 w - a +1 robe (worn)
 A - the +2 hat of Teivod (worn) {Str+2}
   (You bought it in a shop on level 8 of the Dungeon)

   It affects your strength (+2).
Jewellery
 v - a ring of see invisible (left claw)
 F - an uncursed ring of fire
 Q - an uncursed ring of stealth
Wands
 d - a wand of iceblast (8)
 n - a wand of acid (14)
 o - a wand of random effects (36)
 q - a wand of paralysis (2)
 t - a wand of enslavement (8)
Scrolls
 e - 5 scrolls of teleportation {@r4@r4}
 f - a scroll of fog
 h - a scroll of identify {@r1@r1}
 i - 6 scrolls of remove curse {@r2@r2}
 k - 2 scrolls of amnesia
 l - 3 scrolls of magic mapping
 y - 4 scrolls of enchant armour
 z - 3 scrolls of random uselessness {unknown}
Potions
 b - a potion of degeneration {unknown}
 c - 2 potions of curing {@q1@q1}
 j - a potion of resistance
 r - a potion of flight
 s - a potion of ambrosia
 x - a potion of brilliance {unknown}
 B - a potion of mutation {unknown}

Dungeon Overview and Level Annotations

Branches:
Dungeon (9/15)             Temple (0/1) D:7           Sewer (visited)
   Lair: D:8-11         Orc: D:9-12

Altars:
Cheibriados
Gozag
Kikubaaqudgha
Okawaru
Wu Jian
Xom
The Shining One

Shops:
D:4 *   D:8 [

Annotations:
D:9 Erica

..# ....# #####.### ...#
#.......# ....##
#.......# #######......
.......# ..)...........
.......## .##)#.##.###.#
#........
.##[#.##.###.####......#
.##............?@@.....#
.##.#)#.##.###.##......#
....#.)...........#..###
.##.#.#.#.##.#.##.#..#
.##.[.#........##.# .#
#.#......#.#..... .#
...#.#.)....#.##... #
.##........#...##.#.
#.#.##.#.#.#.#


You could see Erica (invisible).


Message History

Erica is almost dead.
You feel sick. Erica gestures at you while chanting.
The lance of force hits you!!
You are knocked back by the lance of force.
Erica gestures at you while chanting. The bolt of poison hits you!!
You are more poisoned.
* * * LOW HITPOINT WARNING * * *
You feel sick.
You see here a scroll of fear.
You feel sick. Erica misses you.
You barely miss Erica.
Erica is almost dead.
You feel sick.
Erica points at you and mumbles some strange words.
The bolt of poison hits you!!
You are more poisoned.
* * * LOW HITPOINT WARNING * * *
You scratch Erica.
Erica is almost dead.
* * * LOW HITPOINT WARNING * * *
You feel sick. Erica casts a spell at you.
You are confused.
You feel better.
Erica points at you and mumbles some strange words.
The bolt of poison hits you!!
You are poisoned.
You die...

Skill      XL: |  1  2  3  4  5  6  7  8  9 10 |
---------------+-------------------------------+-----
Fighting       | 3 4 5 6 |  6.7
Dodging        | 3 4 5 6 |  6.6
Unarmed Combat | 4 5 6 7 8 10 | 10.9
Evocations     | 2 3 |  3.2
Stealth        | |  1.0

Action                   |  1- 3 |  4- 6 |  7- 9 | 10-12 || total
-------------------------+-------+-------+-------+-------++-------
Melee: Unarmed           |    61 |   199 |   336 |   126 ||   722
       Punch             |     1 |     3 |    18 |     8 ||    30
  Use: Scroll            |       |     6 |     7 |     1 ||    14
       Potion            |       |     5 |     3 |     1 ||     9
 Stab: Sleeping          |     2 |     7 |     4 |       ||    13
       Distracted        |       |       |       |     1 ||     1
Armor: Robe              |    20 |    60 |   113 |    24 ||   217
Dodge: Dodged            |    26 |    89 |   236 |    78 ||   429

Levels and vault maps discovered:
D:1:      dpeg_arrival_arbitrary_a, layout_rooms
D:2:      layout_loops_ring, marbit_many_paths, kennysheep_slug_shrine
D:3:      layout_basic, nicolae_tso_carved_into_rock
D:4:      layout_cave_pods, kennysheep_mini, nicolae_overflow_hidden_temple,
          minmay_shop_damaged, uniq_duvessa
D:5:      minmay_chambers_of_threes, layout_basic, serial_aquarium,
          aquarium_bridge_square [aquarium_subvault_wall,
          aquarium_subvault_window, aquarium_subvault_window,
          aquarium_subvault_bridge], aquarium_window_fake, aquarium_window_1,
          aquarium_window_fake, aquarium_view_2a, aquarium_view_2d,
          aquarium_balcony_double_1
D:6:      layout_loops_corners, cheibrodos_sewer_entry_bend, basic_altar,
          uniq_menkaure, uniq_blork_the_orc, uniq_sigmund, uniq_eustachio
D:7:      layout_cave_pools, temple_hall
D:8:      layout_rooms, serial_shops, shop
D:9:      layout_basic, minmay_diced_spiral, uniq_erica

Notes
Turn   | Place    | Note
-------+----------+-------------------------------------------
     0 | D:1      | Dracia the Troll Monk began the quest for the Orb.
     0 | D:1      | Reached XP level 1. HP: 22/22 MP: 0/0
   163 | D:1      | Reached XP level 2. HP: 25/29 MP: 1/1
   332 | D:1      | Reached XP level 3. HP: 23/36 MP: 2/2
   602 | D:2      | Noticed a phantom
   615 | D:2      | Killed a phantom
   616 | D:2      | Reached skill level 3 in Fighting
   616 | D:2      | Reached skill level 3 in Dodging
   616 | D:2      | Reached skill level 4 in Unarmed Combat
   616 | D:2      | Reached XP level 4. HP: 20/45 MP: 3/3
   789 | D:2      | Reached XP level 5. HP: 53/53 MP: 4/4
   866 | D:2      | Found a snail-covered altar of Cheibriados.
  1127 | D:2      | Found a shimmering altar of Xom.
  1954 | D:3      | Reached skill level 5 in Unarmed Combat
  2027 | D:3      | Found a glowing golden altar of the Shining One.
  2834 | D:4      | Reached XP level 6. HP: 61/61 MP: 5/5
  3037 | D:4      | Found Hoigh's Lightly-Used Armoury.
  3196 | D:4      | Noticed Dowan
  3198 | D:4      | Noticed Duvessa
  3214 | D:4      | Killed Duvessa
  3215 | D:4      | Reached skill level 6 in Unarmed Combat
  3225 | D:4      | Killed Dowan
  3226 | D:4      | Reached XP level 7. HP: 30/68 MP: 6/6
  3296 | D:4      | Found an ornate altar of the Wu Jian Council.
  3390 | D:4      | Reached skill level 4 in Fighting
  3390 | D:4      | Reached skill level 4 in Dodging
  3501 | D:4      | Found an iron altar of Okawaru.
  3503 | D:4      | Found an opulent altar of Gozag.
  3619 | D:5      | Entered Level 5 of the Dungeon
  3764 | D:5      | Reached skill level 7 in Unarmed Combat
  3844 | D:5      | Reached XP level 8. HP: 19/79 MP: 7/7
  4475 | D:5      | Identified a potion of resistance
  4638 | D:6      | Reached skill level 5 in Fighting
  4638 | D:6      | Reached skill level 8 in Unarmed Combat
  4685 | D:6      | Reached skill level 5 in Dodging
  4787 | D:6      | Noticed Blork the orc
  4789 | D:6      | Noticed Menkaure
  4795 | D:6      | Killed Blork the orc
  4802 | D:6      | Killed Menkaure
  4942 | D:6      | Noticed Sigmund
  4950 | D:6      | Killed Sigmund
  4966 | D:6      | Found a glowing drain.
  4991 | Sewer    | Entered a sewer
  5000 | Sewer    | Reached XP level 9. HP: 86/88 MP: 8/8
  5132 | Sewer    | Reached skill level 9 in Unarmed Combat
  5727 | D:6      | Reached skill level 1 in Evocations
  5795 | D:6      | Found an ancient bone altar of Kikubaaqudgha.
  5910 | D:6      | Noticed Eustachio
  5916 | D:6      | Killed Eustachio
  6276 | D:7      | Noticed a two-headed ogre
  6285 | D:7      | Killed a two-headed ogre
  6286 | D:7      | Reached skill level 6 in Fighting
  6286 | D:7      | Reached skill level 6 in Dodging
  6286 | D:7      | Reached skill level 10 in Unarmed Combat
  6286 | D:7      | Reached skill level 2 in Evocations
  6472 | D:7      | Found a staircase to the Ecumenical Temple.
  7033 | D:8      | Reached XP level 10. HP: 100/100 MP: 9/9
  7108 | D:8      | Found Eceuvim's Antique Armour Shoppe.
  7271 | D:8      | Bought a dazzling hat for 270 gold pieces
  7271 | D:8      | Identified the +2 hat of Teivod {Str+2} (You bought it in a
                  | shop on level 8 of the Dungeon)
  7481 | D:8      | Reached skill level 3 in Evocations
  7915 | D:9      | Noticed Erica
  7915 | D:9      | Paralysed by Erica for 2 turns
  7932 | D:9      | Killed from afar by Erica

Vanquished Creatures
  A two-headed ogre (D:7)
  Sigmund (D:6)
  Eustachio (D:6)
  A wyvern (D:8)
  Menkaure (D:6)
  Duvessa (D:4)
  A water moccasin (D:4)
  2 sky beasts
  An ice beast (D:5)
  An orc warrior (D:6)
  An eye of draining (D:8)
  2 phantoms
  4 ogres
  3 centaurs
  A big kobold (D:7)
  Blork the orc (D:6)
  10 bullfrogs
  Dowan (D:4)
  3 scorpions
  9 wights
  6 howler monkeys
  A centaur zombie (D:5)
  A gnoll shaman (D:7)
  An orc priest (D:6)
  4 jellies
  2 hounds (D:6)
  6 iguanas
  5 orc wizards
  6 worker ants
  2 hound zombies
  A hound skeleton (D:6)
  5 gnolls
  10 adders
  2 howler monkey skeletons
  A shadow imp (D:8)
  8 white imps
  3 ufetubi
  2 oozes
  2 adder zombies
  An adder skeleton (D:4)
  3 worms
  3 dart slugs
  12 leopard geckos
  21 orcs
  14 giant cockroaches
  A goblin (D:3)
  6 hobgoblins
  6 jackals
  14 kobolds
  8 quokkas
  2 ball pythons
  9 bats
  11 frilled lizards
  A giant cockroach zombie (D:5)
  2 leopard gecko skeletons (D:4)
  A quokka zombie (D:5)
  16 rats
245 creatures vanquished.

Vanquished Creatures (others)
  13 fungi (D:5)
13 creatures vanquished.

Grand Total: 258 creatures vanquished

Table legend: (Time is in decaauts)
 A = Elapsed time spent in this place.
 B = Non-inter-level travel time spent in this place.
 C = Inter-level travel time spent in this place.
 D = Time resting spent in this place.
 E = Time spent auto-exploring this place.
 F = Levels seen in this place.
 G = Mean time per level.
                   A        B        C        D        E       F      G
               +--------+--------+--------+--------+--------+-----+--------+
         Total |   7962 |   7693 |    269 |    560 |   5556 |  10 |  796.2 |
       Dungeon |   7333 |   7064 |    269 |    560 |   5199 |   9 |  814.8 |
         Sewer |    629 |    629 |      0 |      0 |    356 |   1 |  629.0 |
               +--------+--------+--------+--------+--------+-----+--------+

Top non-repeatable levels by time:
     D:6: 1176 daAuts
     D:4: 1035 daAuts
     D:2: 1034 daAuts
     D:5: 973 daAuts
     D:3: 932 daAuts
     D:7: 699 daAuts
     D:8: 685 daAuts
   Sewer: 629 daAuts
     D:1: 596 daAuts
     D:9: 200 daAuts

Table legend:
 A = Non-vault XP
 B = Vault XP
 C = Vault XP percentage of total XP
 D = Non-vault monster count
 E = Vault monster count
 F = Vault count percentage of total count
                 A         B        C        D         E       F
            +---------+---------+-------+---------+---------+-------
      Total |    6199 |    1449 |  18.9 |     204 |      41 |  16.7
            +---------+---------+-------+---------+---------+-------
        D:1 |      49 |       0 |   0.0 |      22 |       0 |   0.0
        D:2 |     191 |       5 |   2.6 |      26 |       2 |   7.1
        D:3 |      75 |       0 |   0.0 |      26 |       0 |   0.0
        D:4 |     392 |     230 |  37.0 |      16 |       2 |  11.1
        D:5 |     551 |     344 |  38.4 |      18 |      10 |  35.7
        D:6 |    1237 |     710 |  36.5 |      25 |       6 |  19.4
        D:7 |    1602 |       0 |   0.0 |      29 |       0 |   0.0
        D:8 |    1484 |       0 |   0.0 |      27 |       0 |   0.0
        D:9 |     618 |      23 |   3.6 |      15 |       2 |  11.8
      Sewer |       0 |     137 | 100.0 |       0 |      19 | 100.0
            +---------+---------+-------+---------+---------+-------
